cohdb
Replays
Latest Replays
All Replays
Popular Replays
Top Player Replays
Match Explorer
How It Works
Community
CoH3 Stats
Reddit
Sign in to upload your games and track your stats! →
Sign in with Steam
Match 35305864
Unlisted
Match 35305864
Overview
Messages
Build Orders
End
Construct Barracks
Selects Armored Battlegroup
Selects Veteran Crews
Riflemen Squad
Riflemen Squad
Riflemen Squad
1⁄4-ton 4x4 Truck
Construct Medical Station
Infantry Support Center
Selects Fast Deploy
M1918 Browning Automatic Rifles
Engineer Squad
Selects Strength in Steel
Construct Motor Pool
Riflemen Squad
Selects M8 Scott SPG
M8 Scott SPG
M1 Anti-tank Gun Team
Riflemen Squad
M8 Greyhound Armored Car
Engineer Squad
King Tank 0007
Gallina Suicida
Sandman
TwistedTestes
ReffRydaz
KuplinoV_Play
딱대
Liberator4515
0
0
Comments
sign in to comment!
No comments posted yet!